 Dungeon Crawl Stone Soup version 0.29.0 (webtiles) character file.

Game seed: 707516697366780640

2559 Dorkslayer the Cleaver (level 9, -7/78 HPs)
             Began as a Hill Orc Fighter on Sept 22, 2022.
             Was an Initiate of Gozag.
             Mangled by a two-headed ogre
             ... wielding a +0 giant club
              (33 damage)
             ... on level 8 of the Dungeon.
             The game lasted 00:14:50 (7054 turns).

Dorkslayer the Cleaver (Hill Orc Fighter)           Turns: 7054, Time: 00:14:50

Health: -7/78      AC: 16    Str: 21    XL:     9   Next: 56%
Magic:  9/9        EV:  7    Int:  8    God:    Gozag
Gold:   589        SH:  5    Dex: 12    Spells: 8/8 levels left

rFire   . . .      SeeInvis .   r - +3 war axe
rCold   . . .      Faith    .   c - +0 buckler
rNeg    . . .      Spirit   .   e - +0 plate armour
rPois   .          Reflect  .   (no helmet)
rElec   .          Harm     .   (no cloak)
rCorr   .          Rampage  .   y - +1 pair of gloves
Will    +....                   v - +0 pair of boots
Stlth   ..........              k - amulet of the acrobat
HPRegen 0.23/turn               t - ring of willpower
MPRegen 0.11/turn               (no ring)

@: no status effects
A: no striking features
a: Renounce Religion, Potion Petition, Call Merchant, Bribe Branch


You were on level 8 of the Dungeon.
You worshipped Gozag.
Gozag was pleased with you.
You visited 2 branches of the dungeon, and saw 9 of its levels.

You collected 848 gold pieces.
You spent 180 gold pieces at shops.
You paid 79 gold pieces to Gozag.

Inventory:

Hand Weapons
 a - a +0 war axe
 d - a +5 battleaxe
 r - a +3 war axe (weapon)
Missiles
 u - a boomerang (quivered)
 C - a throwing net
Armour
 c - a +0 buckler (worn)
 e - a +0 plate armour (worn)
 v - a +0 pair of boots (worn)
 y - a +1 pair of gloves (worn)
Jewellery
 k - an amulet of the acrobat (around neck)
 t - a ring of willpower (left hand)
Wands
 z - a wand of flame (23)
Scrolls
 g - 4 scrolls of teleportation
 i - 3 scrolls of poison {unknown}
 j - a scroll of magic mapping {unknown}
 n - 2 scrolls of enchant armour {unknown}
 o - 2 scrolls of fog
 q - a scroll of immolation {unknown}
 w - a scroll of torment {unknown}
 A - a scroll of blinking {unknown}
 B - a scroll of fear {unknown}
Potions
 b - 4 potions of mutation
 f - 3 potions of curing
 h - a potion of brilliance
 l - a potion of heal wounds
 m - 3 potions of haste
 p - a potion of magic
 s - a potion of ambrosia
 x - a potion of cancellation {unknown}
 D - a potion of degeneration {unknown}


   Skills:
 * Level 6.6 Fighting
 + Level 10.9 Axes
 + Level 1.4 Throwing
 + Level 6.5 Armour
 + Level 3.0 Dodging
 + Level 0.1 Stealth
 * Level 5.1 Shields
 * Level 3.3 Evocations


You had 8 spell levels left.
You didn't know any spells.
Your spell library contained the following spells:

 Spells                   Type           Power      Damage    Failure   Level
 Blink                    Tloc           0%         N/A       100%        2
 Sublimation of Blood     Necr           0%         N/A       100%        2
 Wereblood                Tmut           0%         N/A       100%        2
 Gell's Gravitas          Tloc           0%         N/A       100%        3
 Teleport Other           Tloc           0%         N/A       100%        3
 Animate Armour           Summ/Erth      0%         N/A       100%        4
 Blade Hands              Tmut           0%         N/A       100%        5
 Manifold Assault         Tloc           0%         N/A       100%        5
 Dispersal                Tloc           0%         N/A       100%        6
 Iron Shot                Conj/Erth      0%         9d1       100%        6
 Storm Form               Tmut/Air       0%         N/A       100%        7
 Summon Hydra             Summ           0%         N/A       100%        7


Dungeon Overview and Level Annotations

Branches:
Dungeon (8/15)             Temple (1/1) D:4
   Lair: D:8-11

Altars:
Ashenzari
Cheibriados
Dithmenos
Elyvilon
Gozag
Kikubaaqudgha
Nemelex Xobeh
Okawaru
Ru
Sif Muna
Trog
Uskayaw
Yredelemnul
The Shining One

Shops:
D:4 [


Message History

The wyvern bites you!
You closely miss the wyvern.
The wyvern is moderately wounded.
The wyvern bites you but does no damage.
You hit the wyvern.
The wyvern is moderately wounded.
The wyvern bites you!
You slash the wyvern!
The wyvern is severely wounded.
The wyvern bites you. The wyvern barely misses you.
You hit the wyvern.
The wyvern is almost dead.
The wyvern bites you.
You slash the wyvern!
You kill the wyvern!
Found a leather armour.
You now have 589 gold pieces (gained 19).
You start resting.
A two-headed ogre comes into view.
It is wielding a +0 giant club and a +0 vorpal dire flail.
Throw: dart (curare)
Press: ? - help, Q - select action, (/) - cycle Shift-Dir - straight line, f - two-headed ogre
Aim: a two-headed ogre, wielding a +0 giant club and a +0 vorpal dire flail (wandering, hasn't noticed you, 75% to hit)
You throw a curare-tipped dart.
The curare-tipped dart barely misses the two-headed ogre.
The two-headed ogre shouts in stereo!
You hit the two-headed ogre.
The two-headed ogre is lightly wounded.
The two-headed ogre hits you with a +0 giant club!
The two-headed ogre hits you with a +0 vorpal dire flail!
You slash the two-headed ogre!
The two-headed ogre is moderately wounded.
The two-headed ogre hits you with a +0 giant club!
The two-headed ogre hits you with a +0 vorpal dire flail.
You hit the two-headed ogre.
The two-headed ogre is heavily wounded.
You hit the two-headed ogre but do no damage.
The two-headed ogre is heavily wounded.
The two-headed ogre hits you with a +0 giant club!!
You die...
Your body crumbles into a pile of gold.

... ...#
....### $ $
..... ....
###.. . #....##
### ...
#.@###.#
[....###O##..##
..............#
.....#.(......#
.....##.####.##
.....#....#...#
.............#
.............#
....
...........##


You could see a two-headed ogre.

Vanquished Creatures
  A wyvern (D:8)
  Menkaure (D:6)
  A sky beast (D:6)
  3 ogres
  2 kobold brigands
  2 necrophages (D:6)
  A bullfrog (D:7)
  A scorpion (D:5)
  8 wights
  5 killer bees
  3 howler monkeys
  A bullfrog zombie (D:6)
  2 centaur zombies (D:6)
  A hound (D:5)
  A human zombie (D:6)
  An orc priest (D:4)
  2 gnoll boudas (D:6)
  Terence (D:2)
  6 iguanas
  3 orc wizards
  2 killer bee zombies (D:6)
  2 howler monkey zombies (D:6)
  3 mummies (D:6)
  11 gnolls
  3 adders
  A shadow imp (D:6)
  A worm (D:3)
  2 dart slugs (D:3)
  8 orcs
  2 endoplasms (D:1)
  5 giant cockroaches
  8 goblins
  4 hobgoblins
  3 quokkas
  5 ball pythons
  3 bats
  2 frilled lizards (D:1)
  18 kobolds
  6 rats
135 creatures vanquished.

Vanquished Creatures (others)
  3 demonic plants (D:1)
  3 fungi (D:1)
  8 plants
14 creatures vanquished.

Grand Total: 149 creatures vanquished

Notes
Turn   | Place    | Note
-------+----------+-------------------------------------------
     0 | D:1      | Dorkslayer the Hill Orc Fighter began the quest for the
                  | Orb.
     0 | D:1      | Reached XP level 1. HP: 19/19 MP: 1/1
    82 | D:1      | Found a faded altar of an unknown god.
   184 | D:1      | Reached XP level 2. HP: 27/27 MP: 2/2
   934 | D:2      | Noticed Terence
   946 | D:2      | Killed Terence
   947 | D:2      | Reached skill level 3 in Axes
   947 | D:2      | Reached XP level 3. HP: 31/33 MP: 3/3
  1377 | D:3      | Found an iron altar of Okawaru.
  1503 | D:3      | Found Adiu's Magic Scroll Boutique.
  1515 | D:3      | Reached XP level 4. HP: 40/40 MP: 4/4
  1749 | D:3      | Found a broken altar of Ashenzari.
  1828 | D:3      | Reached skill level 1 in Dodging
  2056 | D:3      | Bought a scroll of identify for 20 gold pieces
  2056 | D:3      | Bought a scroll of teleportation for 30 gold pieces
  2085 | D:4      | Found a sparkling altar of Nemelex Xobeh.
  2104 | D:4      | Reached skill level 4 in Axes
  2121 | D:4      | Found Duhesiac's Armour Boutique.
  2236 | D:4      | Reached XP level 5. HP: 44/46 MP: 5/5
  2290 | D:4      | Reached skill level 5 in Axes
  2538 | D:4      | Found a staircase to the Ecumenical Temple.
  2544 | Temple   | Entered the Ecumenical Temple
  2584 | D:4      | Reached XP level 6. HP: 53/53 MP: 6/6
  3087 | D:5      | Entered Level 5 of the Dungeon
  3411 | D:5      | Reached skill level 6 in Axes
  3759 | D:5      | Found an opulent altar of Gozag.
  3769 | D:5      | Reached XP level 7. HP: 56/60 MP: 7/7
  3771 | D:5      | Became a worshipper of Gozag Ym Sagoz the Greedy
  4366 | D:6      | Reached skill level 5 in Armour
  4373 | D:6      | Reached skill level 5 in Fighting
  4572 | D:6      | Reached skill level 7 in Axes
  4580 | D:6      | Reached XP level 8. HP: 53/68 MP: 8/8
  4643 | D:6      | Reached skill level 8 in Axes
  4698 | D:6      | Noticed Menkaure
  4703 | D:6      | Killed Menkaure
  5145 | D:6      | Reached skill level 1 in Evocations
  5612 | D:6      | Found a basalt altar of Yredelemnul.
  5695 | D:6      | Reached skill level 9 in Axes
  5874 | D:3      | Bought a scroll of fog for 40 gold pieces
  5874 | D:3      | Bought a scroll of identify for 20 gold pieces
  5874 | D:3      | Bought a scroll of amnesia for 40 gold pieces
  5874 | D:3      | Bought a scroll of teleportation for 30 gold pieces
  5953 | D:7      | Reached XP level 9. HP: 69/75 MP: 9/9
  6081 | D:7      | Found a shimmering blue altar of Sif Muna.
  6218 | D:7      | Found a glowing golden altar of the Shining One.
  6238 | D:7      | Reached skill level 10 in Axes
  6869 | D:8      | Reached skill level 1 in Throwing
  6955 | D:8      | Found an ancient bone altar of Kikubaaqudgha.
  6971 | D:8      | Reached skill level 5 in Shields
  7049 | D:8      | Noticed a two-headed ogre
  7054 | D:8      | Mangled by a two-headed ogre

Illustrated notes

Levels and vault maps discovered:
D:1:      shiori_shiawase, layout_basic, shapermc_ecumenical_altar_gd,
          nrook_uturn, hex_medium
D:2:      layout_basic, uniq_terence
D:3:      layout_rooms, mainiacjoe_overflow_cross_hatched,
          okawaru_ov_weapons_minmay, serial_shops, shop, grunt_ministairs_13
D:4:      layout_basic, nemelex_xobeh_ov_fountains_minmay,
          minmay_temple_entry_hall, serial_shops, nicolae_shop_behind_doors
D:5:      layout_basic, mainiacjoe_overflow_six_doors_small, serial_bayou_pond_a
D:6:      layout_basic, lemuel_mausoleum_altar_yredelemnul, uniq_menkaure
D:7:      layout_basic, lemuel_blue_sif_altar, mainiacjoe_overflow_brackets,
          minivault_24
D:8:      layout_cave_pools, kiku_gazebo_pond_becter, kennysheep_little_box,
          makhleb_grotto_becter, gammafunk_temple_overflow_forgotten,
          grunt_decor_mini_mirrors, minivault_12
Temple:   hellmonk_temple_two_chambers

Skill      XL: |  1  2  3  4  5  6  7  8  9 |
---------------+----------------------------+-----
Fighting       | 4 5 6 |  6.6
Axes           | 3 4 5 6 7 9 10 | 10.9
Shields        | 4 5 |  5.1
Dodging        | 1 2 3 |  3.0
Armour         | 4 5 6 |  6.5
Evocations     | 2 3 |  3.3
Throwing       | 1 |  1.4
Stealth        | |  0.1

Action                   |  1- 3 |  4- 6 |  7- 9 || total
-------------------------+-------+-------+-------++-------
Melee: War axe           |    89 |   140 |    86 ||   315
       Battleaxe         |       |       |   110 ||   110
Throw: Boomerang         |       |     5 |    10 ||    15
       Dart              |       |       |     3 ||     3
  Use: Scroll            |       |     2 |     5 ||     7
       Potion            |       |       |     4 ||     4
Armor: Plate armour      |    54 |    88 |   147 ||   289
       Scale mail        |     2 |       |       ||     2
Dodge: Dodged            |    29 |    57 |   100 ||   186
Block: Buckler           |    28 |    31 |    23 ||    82
